 Dungeon Crawl Stone Soup version 0.26-a0-812-g31a745ddcd (webtiles) character file.

Game seed: 16727752179847475137

245 kae the Poker (level 6, -8/47 HPs)
             Began as a Merfolk Gladiator on Nov 25, 2020.
             Mangled by an ogre
             ... wielding a +0 giant club
              (23 damage)
             ... on level 4 of the Dungeon.
             The game lasted 00:01:29 (2542 turns).

kae the Poker (Merfolk Gladiator)                   Turns: 2542, Time: 00:01:29

Health: -8/47      AC: 16    Str: 16    XL:     6   Next: 10%
Magic:  6/6        EV:  9    Int:  8    God:
Gold:   172        SH:  0    Dex: 15    Spells: 5/5 levels left

rFire    . . .     SeeInvis .   a - +0 trident
rCold    . . .     Faith    .   (no shield)
rNeg     + . .     Spirit   .   g - +4 chain mail {rN+}
rPois    .         Reflect  .   c - +0 helmet
rElec    .         Harm     .   (no cloak)
rCorr    .         Rampage  .   (no gloves)
MR       .....                  s - +2 pair of boots
Stlth    ..........             h - amulet of regeneration
HPRegen  0.55/turn              (no ring)
MPRegen  0.10/turn              (no ring)

@: no status effects
A: change form in water, swift swim, stealthy swim
a: no special abilities


You were on level 4 of the Dungeon.
You visited 1 branch of the dungeon, and saw 4 of its levels.

You collected 172 gold pieces.

Inventory:

Hand Weapons
 a - a +0 trident (weapon)
Missiles
 d - 3 throwing nets (quivered)
Armour
 b - a +0 leather armour
 c - a +0 helmet (worn)
 g - a +4 chain mail of positive energy (worn)
 s - a +2 pair of boots (worn)
Jewellery
 h - an amulet of regeneration (around neck)
 m - an uncursed ring of positive energy {unknown}
 p - a cursed ring of attention {unknown}
 r - a +4 ring of protection {unknown}
Scrolls
 e - 7 scrolls of identify
 i - 3 scrolls of remove curse
 k - a scroll of immolation {unknown}
 q - a scroll of blinking {unknown}
 u - a scroll of random uselessness {unknown}
 v - a scroll of fear {unknown}
Potions
 f - 2 potions of magic
 j - a potion of flight {unknown}
 l - 2 potions of curing
 n - a potion of heal wounds {unknown}
 o - a potion of haste {unknown}
 t - 2 potions of mutation {unknown}
 w - a potion of degeneration {unknown}


   Skills:
 + Level 3.3 Fighting
 * Level 6.6 Polearms
 + Level 3.0 Throwing
 + Level 1.4 Armour
 + Level 5.0 Dodging


You had 5 spell levels left.
You didn't know any spells.
Your spell library was empty.

Dungeon Overview and Level Annotations

Branches:
Dungeon (4/15)
 Temple: D:4-7

Altars:
Elyvilon
Vehumet

Annotations:
D:3 3 runed translucent doors, ma3's ghost, amateur MfVM
D:4 Menkaure


Message History

You barely miss the ogre.
The ogre is moderately wounded.
You puncture the ogre!
The ogre is severely wounded.
The ogre hits you with a +0 giant club!
* * * LOW HITPOINT WARNING * * *
Menkaure gestures wildly while chanting.
Menkaure seems to speed up.
You hit the ogre.
The ogre is almost dead.
The ogre hits you but does no damage.
Okay, then.
Okay, then.
It was a potion of magic.
Magic courses through your body. The ogre hits you with a +0 giant club!
* * * LOW HITPOINT WARNING * * *
It was a potion of curing.
You feel better.
You feel better.
The ogre hits you with a +0 giant club!!
You die...

#....## #..###..........
###...### ##..#...........
#≈≈...≈≈# ##.............
#≈..♣..≈####..#....##.....
#.........##..##(.######...
....♣._.♣...#.###..# #...
###............# #..# #.##
##≈..♣..≈#..## #..# ##.##
#≈≈...≈≈#@.## #..# #.##
###...###O..###..#####.#
#.......##........##..#
###..M####............# #
#...## #.......###..###
#.... #......## ##....
......# ##......# #....
...... ###.......# ##....
...... ..........# #.....


You could see an ogre.

Vanquished Creatures
  A phantom (D:4)
  A hound (D:4)
  A centaur skeleton (D:4)
  A hound skeleton (D:4)
  3 adders (D:3)
  3 worms
  2 dart slugs (D:2)
  5 leopard geckos
  4 giant cockroaches
  5 goblins
  6 hobgoblins
  4 jackals (D:3)
  A quokka (D:4)
  3 ball pythons
  4 bats
  2 frilled lizards (D:4)
  5 kobolds
  6 rats
57 creatures vanquished.

Vanquished Creatures (others)
  A quokka (D:4)
1 creature vanquished.

Grand Total: 58 creatures vanquished

Notes
Turn   | Place    | Note
-------+----------+-------------------------------------------
     0 | D:1      | kae the Merfolk Gladiator began the quest for the Orb.
     0 | D:1      | Reached XP level 1. HP: 16/16 MP: 1/1
   158 | D:1      | Reached XP level 2. HP: 21/22 MP: 2/2
   536 | D:2      | Reached skill level 5 in Polearms
   593 | D:2      | Reached XP level 3. HP: 28/28 MP: 3/3
  1150 | D:3      | Found a runed translucent gate.
  1150 | D:3      | Found a runed translucent gate.
  1150 | D:3      | Found a runed translucent gate.
  1156 | D:3      | Noticed ma3's ghost (amateur MfVM)
  1301 | D:3      | Reached XP level 4. HP: 34/34 MP: 4/4
  1327 | D:3      | Found a radiant altar of Vehumet.
  1812 | D:4      | Reached skill level 1 in Armour
  1862 | D:4      | Reached XP level 5. HP: 40/40 MP: 5/5
  1974 | D:4      | Noticed a phantom
  2005 | D:4      | Killed a phantom
  2005 | D:4      | Reached skill level 6 in Polearms
  2064 | D:4      | Found a white marble altar of Elyvilon.
  2239 | D:4      | Reached skill level 5 in Dodging
  2239 | D:4      | Reached XP level 6. HP: 38/47 MP: 6/6
  2532 | D:4      | Noticed Menkaure
  2539 | D:4      | HP: 1/47 [ogre/+0 giant club (10)]
  2542 | D:4      | Mangled by an ogre

Illustrated notes

Levels and vault maps discovered:
D:1:      sevenhm_arrival_forest_fort_large_1, layout_rooms, st_stairs_8
D:2:      layout_basic, serial_park_tiny_2
D:3:      layout_basic, vehumet_crystals, gammafunk_ghost_necromancy,
          chequers_big_river
D:4:      layout_layer_cave, elyvilon_altar_4, minmay_misc_feat_plants,
          roderic_lattice_a, uniq_menkaure

Skill      XL: |  1  2  3  4  5 |
---------------+----------------+-----
Polearms       | 5 6 |  6.6
Armour         | 1 |  1.4
Fighting       | 3 |  3.3
Throwing       | 3 |  3.0
Dodging        | 5 |  5.0

Action                   |  1- 3 |  4- 6 || total
-------------------------+-------+-------++-------
Melee: Trident           |   124 |   131 ||   255
       Tailslap          |       |     2 ||     2
  Use: Scroll            |     4 |       ||     4
       Potion            |       |     3 ||     3
 Stab: Sleeping          |     1 |       ||     1
Armor: Chain mail        |    65 |    58 ||   123
       Leather armour    |     2 |       ||     2
Dodge: Dodged            |    46 |    42 ||    88

Table legend: (Time is in decaauts)
 A = Elapsed time spent in this place.
 B = Non-inter-level travel time spent in this place.
 C = Inter-level travel time spent in this place.
 D = Time resting spent in this place.
 E = Time spent auto-exploring this place.
 F = Levels seen in this place.
 G = Mean time per level.
                   A        B        C        D        E       F      G
               +--------+--------+--------+--------+--------+-----+--------+
         Total |   2518 |   2381 |    137 |      0 |   1929 |   4 |  629.5 |
       Dungeon |   2518 |   2381 |    137 |      0 |   1929 |   4 |  629.5 |
               +--------+--------+--------+--------+--------+-----+--------+

Top non-repeatable levels by time:
     D:4: 817 daAuts
     D:3: 766 daAuts
     D:1: 499 daAuts
     D:2: 434 daAuts
